 Dungeon Crawl Stone Soup version 0.27.1-3-gb3d3a73c9e (webtiles) character file.

Game seed: 14491840231858519838

17 styxcanada the Sneak (level 2, 0/14 HPs)
             Began as a Spriggan Brigand on Oct 30, 2021.
             Slain by a goblin (2 damage)
             ... on level 1 of the Dungeon.
             The game lasted 00:02:25 (757 turns).

styxcanada the Sneak (Spriggan Brigand)              Turns: 757, Time: 00:02:27

Health: 0/14       AC:  3    Str:  7    XL:     2   Next: 44%
Magic:  3/3        EV: 16    Int: 12    God:
Gold:   5          SH:  0    Dex: 16    Spells: 1/1 levels left

rFire    . . .     SeeInvis +   a - +2 dagger
rCold    . . .     Faith    .   (shield restricted)
rNeg     . . .     Spirit   .   b - +0 robe
rPois    .         Reflect  .   (helmet restricted)
rElec    .         Harm     .   c - +0 cloak
rCorr    .         Rampage  .   (gloves unavailable)
Will     .....                  (boots unavailable)
Stlth    +++.......             (no amulet)
HPRegen  0.04/turn              (no ring)
MPRegen  0.08/turn              (no ring)

@: lethally poisoned (0 -> -3), very quick
A: very small, no large weapons, unfitting armour, see invisible, speed 3
a: no special abilities


You were on level 1 of the Dungeon.
You visited 1 branch of the dungeon, and saw 1 of its levels.

You collected 5 gold pieces.

Inventory:

Hand Weapons
 a - a +2 dagger (weapon)
Missiles
 d - 6 poisoned darts
 e - 2 curare-tipped darts (quivered)
 h - 54 sling bullets
Armour
 b - a +0 robe (worn)
 c - a +0 cloak (worn)
Scrolls
 f - a scroll of identify {unknown}
 g - a scroll of enchant weapon {unknown}
 j - a scroll of magic mapping {unknown}
Potions
 i - a potion of brilliance {unknown}
 k - 2 potions of curing {unknown}


   Skills:
 * Level 1.6 Fighting
 + Level 2.2 Short Blades
 + Level 2.0 Throwing
 * Level 1.6 Dodging
 * Level 6.8 Stealth


You had one spell level left.
You didn't know any spells.
Your spell library was empty.

Dungeon Overview and Level Annotations

Branches:
Dungeon (1/15)

Altars:

Annotations:
D:1 1 runed translucent door


Innate Abilities, Weirdness & Mutations

You are very small and have problems with some larger weapons.
You are too small for most types of armour.
You have supernaturally acute eyesight. (SInv)
You cover ground extremely quickly. (Speed+++)


Message History

d - 5 poisoned darts (gained 1)
d - 6 poisoned darts (gained 1)
A goblin comes into view. It is wielding a +0 dagger.
A goblin comes into view. It is wielding a +0 dagger of venom.
Found 9 gold pieces.
A bat comes into view.
An endoplasm comes into view.
Found 16 bolts.
The endoplasm quivers.
The goblin shouts!
The bat misses you. The goblin closely misses you.
You hit the goblin but do no damage. The bat hits you but does no damage.
The bat hits you.
You hit the goblin.
The goblin is moderately wounded.
The bat hits you but does no damage.
The goblin hits you with a +0 dagger of venom.
You are poisoned.
You barely miss the goblin.
The goblin is moderately wounded.
You feel sick. The goblin closely misses you.
You hit the goblin but do no damage.
The goblin is moderately wounded.
You feel sick.
The bat closely misses you. x2; The goblin misses you.
The bat hits you.
You closely miss the goblin.
The goblin is moderately wounded.
You feel sick. The bat misses you. The goblin closely misses you.
You hit the goblin.
The goblin is severely wounded.
* * * LOW HITPOINT WARNING * * *
You feel sick. The bat closely misses you. The goblin barely misses you.
You barely miss the goblin.
The goblin is severely wounded.
* * * LOW HITPOINT WARNING * * *
You feel sick. The bat hits you.
* * * LOW HITPOINT WARNING * * *
The bat closely misses you.
The goblin hits you with a +0 dagger of venom.
You die...

......... ...
.......###.###
......$..... ...
#........##### ....
#............#
...g.##............#
....J..............#
....##......bg.....#
. #.##..###@.....#
#.. ##..##......#
#.( ##.##......#
#... #.........# ##.
#รท..#####.## ##
#.### #..########
#.. ##......... #..#
#..########## ...#
#..#.........


You could see a goblin and a bat.

Vanquished Creatures
  3 endoplasms (D:1)
  A goblin (D:1)
  3 hobgoblins (D:1)
  2 jackals (D:1)
  A quokka (D:1)
  2 ball pythons (D:1)
  A bat (D:1)
  A kobold (D:1)
  A rat (D:1)
15 creatures vanquished.

Notes
Turn   | Place    | Note
-------+----------+-------------------------------------------
     0 | D:1      | styxcanada the Spriggan Brigand began the quest for the
                  | Orb.
     0 | D:1      | Reached XP level 1. HP: 10/10 MP: 2/2
     1 | D:1      | Found a runed translucent door.
    23 | D:1      | Reached skill level 6 in Stealth
   300 | D:1      | Reached XP level 2. HP: 11/14 MP: 3/3
   757 | D:1      | Slain by a goblin

Illustrated notes

Levels and vault maps discovered:
D:1:      dpeg_arrival_caged_fury, layout_basic, minmay_heptomino_w4

Skill      XL: |  1 |
---------------+----+-----
Stealth        | 6 |  6.8
Fighting       | |  1.6
Short Blades   | |  2.2
Throwing       | |  2.0
Dodging        | |  1.6

Action                   || total
-------------------------++-------
Melee: Dagger            ||    59
Throw: Dart              ||    14
 Stab: Sleeping          ||     5
Armor: Robe              ||     9
Dodge: Dodged            ||    66
